 Dungeon Crawl Stone Soup version 0.24-a0-525-g9231cdcba1 (webtiles) character file.

Game seed: 304759906811663586

6553 MirrMurr the Covert (level 10, -4/51 HPs)
             Began as a Spriggan Enchanter on Aug 2, 2019.
             Was a Believer of Dithmenos.
             Slain by an orc knight (20 damage)
             ... on level 7 of the Dungeon.
             The game lasted 00:28:38 (12491 turns).

MirrMurr the Covert (Spriggan Enchanter)           Turns: 12491, Time: 00:28:39

Health: -4/51      AC:  4    Str:  7    XL:     10   Next: 70%
Magic:  7/20       EV: 26    Int: 17    God:    Dithmenos [**....]
Gold:   419        SH:  0    Dex: 17    Spells: 9/21 levels left

rFire    . . .     SeeInvis +   b - +0 short sword (venom)
rCold    . . .     Gourm    .   (shield restricted)
rNeg     . . .     Faith    .   g - +1 robe of Plasticity {+Fly}
rPois    .         Spirit   .   (helmet restricted)
rElec    .         Reflect  .   y - +0 cloak
rCorr    .         Harm     .   (gloves unavailable)
MR       +....                  (boots unavailable)
Stlth    ++++++....             (no amulet)
HPRegen  0.17/turn              v - ring of fire
MPRegen  0.17/turn              D - ring of the Cockatrice {Ice Slay+2}

@: wreathed by umbra, very quick
A: very small, unfitting armour, see invisible, herbivore, speed 3, slow
metabolism 2
a: Shadow Step, Renounce Religion, Evoke Flight


You were on level 7 of the Dungeon.
You worshipped Dithmenos.
Dithmenos was pleased with you.
You were not hungry.

You visited 2 branches of the dungeon, and saw 9 of its levels.

You collected 419 gold pieces.

Inventory:

Hand Weapons
 a - a +1 dagger
 b - a +0 short sword of venom (weapon)
 x - a +2 demon blade of draining
Missiles
 e - 122 stones
 k - 106 sling bullets
 p - 5 poisoned darts
 C - 5 boomerangs (quivered)
Armour
 d - a +0 robe
 g - the +1 robe of Plasticity (worn) {+Fly}
   (You found it on level 5 of the Dungeon)

   It lets you fly.
 y - a +0 cloak (worn)
Jewellery
 o - an uncursed ring of flight
 v - a ring of fire (left hand)
 D - the ring of the Cockatrice (right hand) {Ice Slay+2}
   (You found it on level 8 of the Dungeon)

   [ring of ice]

   It enhances your ice magic.
   It affects your accuracy and damage with ranged weapons and melee attacks
   (+2).
   It makes you vulnerable to fire.
   It protects you from cold.
Wands
 s - a wand of flame (2)
 A - a wand of acid (20)
 B - a wand of paralysis (8)
Scrolls
 h - 5 scrolls of teleportation
 r - 2 scrolls of remove curse
 t - 2 scrolls of fog
Potions
 f - 2 potions of might
 i - 2 potions of curing
 j - 5 potions of berserk rage
 l - a potion of cancellation
 m - 4 potions of agility
 n - 5 potions of invisibility
 q - 5 potions of flight
 u - a potion of heal wounds {unknown}
 w - 5 potions of brilliance
 z - 2 potions of resistance
 E - a potion of haste {unknown}
Comestibles
 c - 14 rations


   Skills:
 + Level 5.2 Fighting
 - Level 6.5(7.0) Short Blades
 + Level 2.6(4.1) Long Blades
 + Level 10.8 Dodging
 + Level 11.1 Stealth
 - Level 6.0 Spellcasting
 - Level 10.0 Hexes


You had 9 spell levels left.
You knew the following spells:

 Your Spells              Type           Power        Failure   Level  Hunger
a - Ensorcelled Hibernat  Hex/Ice        ####..       2%          2    None
b - Confuse               Hex            #####...     1%          3    ##.....
c - Tukima's Dance        Hex            #####...     1%          3    ##.....
d - Dazzling Spray        Conj/Hex       ###...       4%          3    ##.....
C - Corona                Hex            #####..      1%          1    None

Your spell library contained the following spells:

 Spells                   Type           Power        Failure   Level  Hunger
 Summon Guardian Golem    Hex/Summ       ###.....     4%          3    ##.....
 Freeze                   Ice            #...         13%         1    None
 Summon Small Mammal      Summ           #...         13%         1    None
 Call Imp                 Summ           #.......     19%         2    None
 Throw Frost              Conj/Ice       #.....       19%         2    None
 Call Canine Familiar     Summ           #.......     36%         3    ##.....
 Ozocubu's Armour         Chrm/Ice       #.......     36%         3    ##.....
 Summon Ice Beast         Ice/Summ       #.......     77%         4    ####...
 Summon Lightning Spire   Summ/Air       #.......     77%         4    ####...
 Throw Icicle             Conj/Ice       #.......     77%         4    ####...


Dungeon Overview and Level Annotations

Branches:
Dungeon (8/15)             Temple (1/1) D:7
   Lair: D:8-11

Altars:
Ashenzari
Cheibriados
Dithmenos
Elyvilon
Fedhas
Gozag
Hepliaklqana
Kikubaaqudgha
Makhleb
Nemelex Xobeh
Okawaru
Qazlal
Ru
Sif Muna
Trog
Uskayaw
Vehumet
Wu Jian
Xom
Yredelemnul
Zin
The Shining One

Shops:
D:5 =

Annotations:
D:2 apport


Innate Abilities, Weirdness & Mutations

You are very small and have problems with some larger weapons.
You are too small for most types of armour.
You have supernaturally acute eyesight. (SInv)
You are a herbivore.
You cover ground extremely quickly.
You need to consume almost no food.


Message History

The orc knight looks as sick as possible!
The orc knight is lightly wounded.
The orc completely misses you. The orc knight hits you!
You hit the orc knight but do no damage.
The orc knight looks as sick as possible!
The orc knight is moderately wounded.
Your +0 war axe hits the orc knight but does no damage.
You hit the orc knight but do no damage.
The orc knight is moderately wounded.
The orc knight hits you but does no damage.
The orc hits you but does no damage.
You barely miss the orc knight.
The orc knight is moderately wounded.
The orc knight hits you!
Your +0 war axe hits the orc knight.
The orc completely misses you.
You hit the orc knight.
The orc knight looks as sick as possible!
The orc knight is heavily wounded.
The orc knight hits you!!
You die...

......#♣...♣#......# #####.##...
......#♣.>.♣#......####........#.
......#♣...♣#.................##.
....[.##♣♣♣##...##.........#####.
...)...#####.##.###..#.....###...
...).....##...####...##.....###.#
......>..###...#....####.....##..
......#..# #.......## #......###.
......##.# #...o@(## #..........
.....###.# #.....o#####.......#..
......##.####.................#..
.)........###..............>..#..
..............####............#..
...............# #....[.....÷####
#..............###............#
...............#.............##
.#......................######


You could see an orc knight, an orc and a friendly +0 war axe.

Vanquished Creatures
  Joseph (D:7)
  A wyvern (D:8)
  Grum (D:8)
  A human (D:7)
  4 hogs
  Menkaure (D:4)
  14 wargs
  3 orc warriors
  2 sky beasts (D:5)
  4 ogres
  4 wolves
  4 centaurs
  2 bullfrogs
  5 killer bees (D:8)
  2 scorpions
  3 vampire bats (D:3)
  A crimson imp (D:6)
  A quasit (D:6)
  2 hounds
  2 orc priests (D:8)
  6 orc wizards
  A bullfrog skeleton (D:4)
  4 iguanas
  11 worker ants
  Natasha (thrice) (D:4)
  2 hound skeletons (D:6)
  A worker ant zombie (D:6)
  7 gnolls
  4 adders
  4 shadow imps
  2 oozes
  An adder zombie (D:8)
  4 worms
  3 dart slugs
  A leopard gecko (D:1)
  29 orcs
  11 bats
  5 giant cockroaches
  7 hobgoblins
  4 jackals (D:4)
  4 quokkas
  4 ball pythons
  3 frilled lizards
  12 goblins
  13 kobolds
  7 rats
211 creatures vanquished.

Vanquished Creatures (collateral kills)
  An orc knight (D:7)
  An ogre (D:7)
  A gnoll (D:7)
3 creatures vanquished.

Vanquished Creatures (others)
  A dancing weapon (D:7)
  A plant (D:8)
2 creatures vanquished.

Grand Total: 216 creatures vanquished

Notes
Turn   | Place    | Note
-------+----------+-------------------------------------------
     0 | D:1      | MirrMurr the Spriggan Enchanter began the quest for the
                  | Orb.
     0 | D:1      | Reached XP level 1. HP: 9/9 MP: 5/5
   418 | D:1      | Reached XP level 2. HP: 13/13 MP: 6/6
   422 | D:1      | Learned a level 2 spell: Ensorcelled Hibernation
   450 | D:1      | Reached skill level 5 in Stealth
  1203 | D:2      | Reached XP level 3. HP: 10/16 MP: 5/8
  1208 | D:2      | Learned a level 3 spell: Confuse
  1916 | D:2      | Reached skill level 6 in Stealth
  1977 | D:2      | Found a glowing golden altar of the Shining One.
  1979 | D:2      | Noticed an angel
  1992 | D:2      | Found a basalt altar of Yredelemnul.
  1994 | D:2      | Noticed a profane servitor
  2240 | D:3      | Reached XP level 4. HP: 21/21 MP: 9/9
  2441 | D:3      | Reached skill level 7 in Stealth
  2441 | D:3      | Reached XP level 5. HP: 17/24 MP: 10/10
  3325 | D:4      | Reached skill level 8 in Stealth
  3419 | D:4      | Reached XP level 6. HP: 28/28 MP: 8/11
  3534 | D:4      | Reached skill level 5 in Short Blades
  3594 | D:4      | Noticed Natasha
  3599 | D:4      | Killed Natasha
  3636 | D:4      | Noticed Natasha
  3670 | D:4      | Killed Natasha
  3913 | D:4      | Noticed Menkaure
  3920 | D:4      | Killed Menkaure
  3920 | D:4      | Reached skill level 5 in Hexes
  3951 | D:4      | Noticed Natasha
  3964 | D:4      | Killed Natasha
  3964 | D:4      | Reached XP level 7. HP: 27/32 MP: 13/13
  4095 | D:4      | Found an ancient bone altar of Kikubaaqudgha.
  4283 | D:5      | Entered Level 5 of the Dungeon
  4393 | D:5      | Got a faintly glowing robe
  4432 | D:5      | Identified the cursed +1 robe of Plasticity {+Fly} (You
                  | found it on level 5 of the Dungeon)
  4546 | D:5      | Learned a level 3 spell: Tukima's Dance
  4550 | D:5      | Learned a level 3 spell: Dazzling Spray
  4592 | D:5      | Found a hazy altar of Hepliaklqana.
  4733 | D:5      | Found Efiar's Jewellery Emporium.
  5652 | D:6      | Reached XP level 8. HP: 24/36 MP: 12/15
  5883 | D:6      | Reached skill level 1 in Fighting
  6325 | D:6      | Reached skill level 5 in Dodging
  7174 | D:7      | Found a staircase to the Ecumenical Temple.
  7180 | Temple   | Entered the Ecumenical Temple
  7292 | Temple   | Became a worshipper of Dithmenos the Shadowed
  7348 | D:7      | Found a shimmering altar of Xom.
  8287 | D:7      | Found a stormy altar of Qazlal.
  8641 | D:7      | Noticed Joseph
  8851 | D:7      | Killed Joseph
  8851 | D:7      | Reached XP level 9. HP: 43/44 MP: 8/16
  8949 | D:6      | Reached skill level 5 in Spellcasting
  9295 | D:7      | Reached skill level 9 in Stealth
  9550 | D:8      | Noticed Grum
  9725 | D:8      | Reached * piety under Dithmenos
  9730 | D:8      | Killed Grum
 10130 | D:8      | Reached XP level 10. HP: 50/50 MP: 13/19
 10286 | D:8      | Reached skill level 10 in Stealth
 10317 | D:8      | Reached skill level 1 in Long Blades
 10360 | D:8      | Reached skill level 10 in Dodging
 10474 | D:8      | Got a scintillating copper ring
 10475 | D:8      | Identified the ring of the Cockatrice {Ice Slay+2} (You
                  | found it on level 8 of the Dungeon)
 11266 | D:7      | Reached ** piety under Dithmenos
 11706 | D:8      | Reached skill level 5 in Fighting
 11838 | D:8      | Reached skill level 10 in Hexes
 12092 | D:8      | Noticed an orc knight
 12215 | D:8      | Noticed an orc knight
 12265 | D:7      | Killed an orc knight
 12265 | D:7      | Reached skill level 11 in Stealth
 12491 | D:7      | Slain by an orc knight

Levels and vault maps discovered:
D:1:      tarquinn_simple_flora_water_e, layout_loops_corners
D:2:      layout_rooms, grunt_temple_overflow_holy_war, minmay_octomino_c4
D:3:      layout_loops_corners, first_ration, roderic_batcave
D:4:      layout_loops_ring, nicolae_overflow_hidden_temple, uniq_natasha,
          uniq_menkaure
D:5:      layout_basic, marbit_many_paths, serial_shops, shop
D:6:      layout_rooms
D:7:      layout_cave_pools, minmay_temple_entry_enclosed_plants, basic_altar,
          hex_tiny, grunt_livestock, xom_teletrap_fun, uniq_joseph
D:8:      lemuel_castle_with_subvaults [lemuel_castle_interior_carwin_3],
          layout_rooms, serial_park_tiny_pond, uniq_grum
Temple:   hc_temple_tempest_star

Skill      XL: |  1  2  3  4  5  6  7  8  9 10 |
---------------+-------------------------------+-----
Stealth        | 5 6 7 8 9 11 | 11.1
Short Blades   | 2 3 4 5 6 |  6.5
Hexes          | 5 8 9 10 | 10.0
Spellcasting   | 3 4 5 6 |  6.0
Fighting       | 3 4 5 |  5.2
Dodging        | 8 9 10 | 10.8
Long Blades    | 2 |  2.6

Action                   |  1- 3 |  4- 6 |  7- 9 | 10-12 || total
-------------------------+-------+-------+-------+-------++-------
Melee: Dagger            |    57 |     4 |   148 |    16 ||   225
       Short sword       |    60 |   132 |   223 |   164 ||   579
 Cast: Corona            |     3 |       |       |       ||     3
       Ensorcelled Hiber |     5 |     4 |    72 |    41 ||   122
       Confuse           |       |     2 |    14 |    32 ||    48
       Tukima's Dance    |       |       |     7 |     3 ||    10
  Use: Scroll            |     4 |    10 |     6 |       ||    20
       Potion            |       |       |       |     1 ||     1
 Stab: Sleeping          |    24 |    10 |    40 |    16 ||    90
       Distracted        |     2 |       |       |     1 ||     3
       Confused          |       |     1 |    11 |     7 ||    19
  Eat: Ration            |       |     1 |     5 |     2 ||     8
Armor: Robe              |     7 |    27 |    20 |     7 ||    61
Dodge: Dodged            |    60 |   143 |   344 |   185 ||   732

Table legend:
 A = Non-vault XP
 B = Vault XP
 C = Vault XP percentage of total XP
 D = Non-vault monster count
 E = Vault monster count
 F = Vault count percentage of total count
                 A         B        C        D         E       F
            +---------+---------+-------+---------+---------+-------
      Total |    3636 |    5726 |  61.2 |     153 |      61 |  28.5
            +---------+---------+-------+---------+---------+-------
        D:1 |      36 |       0 |   0.0 |      21 |       0 |   0.0
        D:2 |      44 |      12 |  21.4 |      23 |       5 |  17.9
        D:3 |      63 |     176 |  73.6 |      18 |       9 |  33.3
        D:4 |     259 |     204 |  44.1 |      14 |       2 |  12.5
        D:5 |     499 |      39 |   7.2 |      11 |       1 |   8.3
        D:6 |     629 |     217 |  25.7 |      22 |       1 |   4.3
        D:7 |     747 |    2207 |  74.7 |      22 |      10 |  31.2
        D:8 |    1359 |    2871 |  67.9 |      22 |      33 |  60.0
            +---------+---------+-------+---------+---------+-------
